TOP OF THE 1ST |
Burlington Royals batting - Pitching for Princeton Rays : RHP Jesus Valdivia
|
Pitching: RHP Jesus Valdivia
|
|
Batting: RHB Mike Bearden
|
0-0: Fly out, F9 (Line Drive, 9, EV 93.1 MPH)
|
Batting: LHB Pablo Serrato
|
0-0: Ball 1-0: Swinging Strike 1-1: Ground out U3 (Groundball, 3, EV 104.4 MPH)
|
Batting: RHB Jonas Fernandez
|
0-0: Foul Ball, location: 2F 0-1: Swinging Strike 0-2: Foul Ball, location: 2F 0-2: Foul Ball, location: 2F 0-2: Foul Ball, location: 2F 0-2: DOUBLE (Line Drive, 89M, EV 107.5 MPH)
|
Batting: RHB Ian Hornsby
|
0-0: Ball 1-0: Ball 2-0: Ball 3-0: Called Strike 3-1: Foul Ball, location: 2F 3-2: Base on Balls
|
Batting: RHB Rob Colley
|
0-0: Called Strike 0-1: Ball 1-1: Swinging Strike 1-2: Fielders Choice at 2nd, 6-4 (Groundball, 6, EV 83.1 MPH)
|
Top of the 1st over - 0 runs, 1 hit, 0 errors, 2 left on base; Burlington 0 - Princeton 0 |
BOTTOM OF THE 1ST |
Princeton Rays batting - Pitching for Burlington Royals : RHP Brian Hunt
|
Pitching: RHP Brian Hunt
|
|
Batting: RHB Alex Koral
|
0-0: Ball 1-0: Fly out, F9 (Flyball, 9, EV 89.4 MPH)
|
Batting: RHB Jim Erdody
|
0-0: Called Strike 0-1: SOLO HOME RUN (Flyball, 78XD, EV 100.0 MPH), Distance : 400 ft
|
Batting: LHB Oscar Curiel
|
0-0: Ball 1-0: Foul Ball, location: 2F 1-1: Ball 2-1: Ball 3-1: Base on Balls
|
Batting: RHB Adam Turpin
|
0-0: Ball 1-0: Called Strike 1-1: Called Strike 1-2: Ball 2-2: Strikes out swinging
|
Batting: RHB Jason Penfield
|
0-0: SINGLE (Groundball, 56D, EV 93.8 MPH) Oscar Curiel to second
|
Batting: RHB Roberto Aispuro
|
0-0: Ball 1-0: Ball 2-0: Ball 3-0: Called Strike 3-1: Foul Ball, location: 2F 3-2: Base on Balls Oscar Curiel to third Jason Penfield to second
|
Batting: RHB Bobby Ross
|
0-0: Called Strike 0-1: Ground out 6-3 (Groundball, 6S, EV 84.4 MPH)
|
Bottom of the 1st over - 1 run, 2 hits, 0 errors, 3 left on base; Burlington 0 - Princeton 1 |
TOP OF THE 2ND |
Burlington Royals batting - Pitching for Princeton Rays : RHP Jesus Valdivia
|
Batting: RHB Junro Kato
|
0-0: Ball 1-0: Swinging Strike 1-1: Ball 2-1: Ball 3-1: Called Strike 3-2: Foul Ball, location: 2F 3-2: Base on Balls
|
Batting: RHB Jason Conner
|
0-0: Fielders Choice at 2nd, 6-4 (Groundball, 6, EV 89.4 MPH)
|
Batting: RHB Bobby Leon
|
0-0: Ball 1-0: Called Strike 1-1: Ball 2-1: Foul Ball, location: 2F 2-2: DOUBLE (Line Drive, 89D, EV 103.1 MPH) Jason Conner to third
|
Batting: RHB Carlos Castillo
|
0-0: Ball 1-0: Ball 2-0: Foul Ball, location: 2F 2-1: Swinging Strike 2-2: Strikes out swinging
|
Batting: RHB Mike Bearden
|
0-0: Called Strike 0-1: Ball 1-1: Foul Ball, location: 2F 1-2: Strikes out looking
|
Top of the 2nd over - 0 runs, 1 hit, 0 errors, 2 left on base; Burlington 0 - Princeton 1 |
BOTTOM OF THE 2ND |
Princeton Rays batting - Pitching for Burlington Royals : RHP Brian Hunt
|
Batting: SHB Luis Verduzco
|
0-0: Swinging Strike 0-1: Ball 1-1: Swinging Strike 1-2: Foul Ball, location: 2F 1-2: Ball 2-2: SINGLE (Groundball, 4M, EV 83.8 MPH) (infield hit)
|
Batting: RHB Wan-ling Zhu
|
0-0: Ball 1-0: Ball 2-0: Foul Ball, location: 2F 2-1: Foul Ball, location: 2F 2-2: Foul Ball, location: 2F 2-2: Foul Ball, location: 2F 2-2: Foul Ball, location: 2F 2-2: Foul Ball, location: 2F 2-2: Ball 3-2: Base on Balls Luis Verduzco to second
|
Batting: RHB Alex Koral
|
0-0: Ball 1-0: Ball 2-0: Ball 3-0: Base on Balls Luis Verduzco to third Wan-ling Zhu to second
|
Batting: RHB Jim Erdody
|
0-0: Foul Ball, location: 2F 0-1: Called Strike 0-2: Ball 1-2: Strikes out swinging
|
Pitching: RHP Chance Griffin
|
|
Batting: LHB Oscar Curiel
|
0-0: Swinging Strike 0-1: Ball 1-1: Ball Wild Pitch! Luis Verduzco scores Wan-ling Zhu to third Alex Koral to second 2-1: DOUBLE (Flyball, 8RXD, EV 108.8 MPH) Wan-ling Zhu scores Alex Koral scores
|
Batting: RHB Adam Turpin
|
0-0: Ball 1-0: Fly out, F6 (Line Drive, 6, EV 71.2 MPH) Lined into DP, 6-4 (Line Drive, 6, EV 73.8 MPH)
|
Bottom of the 2nd over - 3 runs, 2 hits, 0 errors, 0 left on base; Burlington 0 - Princeton 4 |
TOP OF THE 3RD |
Burlington Royals batting - Pitching for Princeton Rays : RHP Jesus Valdivia
|
Batting: LHB Pablo Serrato
|
0-0: Called Strike 0-1: Ball 1-1: Ball 2-1: Ball 3-1: Base on Balls
|
Batting: RHB Jonas Fernandez
|
0-0: 2-RUN HOME RUN (Flyball, 7LD, EV 93.8 MPH), Distance : 346 ft
|
Batting: RHB Ian Hornsby
|
0-0: Foul Ball, location: 2F 0-1: Foul Ball, location: 2F 0-2: Ball 1-2: Foul Ball, location: 2F 1-2: Strikes out swinging
|
Batting: RHB Rob Colley
|
0-0: SINGLE (Groundball, 6MD, EV 107.5 MPH)
|
Batting: RHB Junro Kato
|
0-0: Fielders Choice at 2nd, 6-4 (Groundball, 6, EV 90.0 MPH)
|
Batting: RHB Jason Conner
|
0-0: Swinging Strike 0-1: Foul Ball, location: 2F 0-2: Ball 1-2: Ball 2-2: Strikes out swinging passed ball, reaches first! Junro Kato to second
|
Batting: RHB Bobby Leon
|
0-0: Called Strike 0-1: Called Strike 0-2: Strikes out swinging
|
Top of the 3rd over - 2 runs, 2 hits, 0 errors, 2 left on base; Burlington 2 - Princeton 4 |
BOTTOM OF THE 3RD |
Princeton Rays batting - Pitching for Burlington Royals : RHP Chance Griffin
|
Batting: RHB Jason Penfield
|
0-0: Ball 1-0: Called Strike 1-1: Swinging Strike 1-2: Foul Ball, location: 2F 1-2: Ball 2-2: Ball 3-2: Foul Ball, location: 2F 3-2: Base on Balls
|
Batting: RHB Roberto Aispuro
|
0-0: Ball 1-0: Fly out, F4 (Line Drive, 34D, EV 74.4 MPH)
|
Batting: RHB Bobby Ross
|
0-0: Ball 1-0: Called Strike 1-1: Grounds into double play, 6-4-3 (Groundball, 6, EV 80.0 MPH)
|
Bottom of the 3rd over - 0 runs, 0 hits, 0 errors, 0 left on base; Burlington 2 - Princeton 4 |
TOP OF THE 4TH |
Burlington Royals batting - Pitching for Princeton Rays : RHP Jesus Valdivia
|
Batting: RHB Carlos Castillo
|
0-0: Fly out, F8 (Flyball, 78M, EV 88.8 MPH)
|
Batting: RHB Mike Bearden
|
0-0: Called Strike 0-1: Fly out, F8 (Line Drive, 8LM, EV 91.2 MPH)
|
Batting: LHB Pablo Serrato
|
0-0: Foul Ball, location: 2F 0-1: Swinging Strike 0-2: Fly out, F4 (Flyball, 34D, EV 90.6 MPH)
|
Top of the 4th over - 0 runs, 0 hits, 0 errors, 0 left on base; Burlington 2 - Princeton 4 |
BOTTOM OF THE 4TH |
Princeton Rays batting - Pitching for Burlington Royals : RHP Chance Griffin
|
Batting: SHB Luis Verduzco
|
0-0: Ball 1-0: Ball 2-0: Fly out, F8 (Flyball, 78S, EV 89.4 MPH)
|
Batting: RHB Wan-ling Zhu
|
0-0: Ball 1-0: Called Strike 1-1: Ground out 4-3 (Groundball, 4, EV 90.0 MPH)
|
Batting: RHB Alex Koral
|
0-0: Ball 1-0: Ball 2-0: Ball 3-0: Called Strike 3-1: Called Strike 3-2: Base on Balls
|
Pitching: RHP Jordan Viveros
|
|
Batting: RHB Jim Erdody
|
0-0: Swinging Strike 0-1: Foul Ball, location: 2F 0-2: Strikes out looking
|
Bottom of the 4th over - 0 runs, 0 hits, 0 errors, 1 left on base; Burlington 2 - Princeton 4 |
TOP OF THE 5TH |
Burlington Royals batting - Pitching for Princeton Rays : RHP Jesus Valdivia
|
Batting: RHB Jonas Fernandez
|
0-0: Ground out 5-3 (Groundball, 56, EV 89.4 MPH)
|
Batting: RHB Ian Hornsby
|
0-0: Ball 1-0: Foul Ball, location: 2F 1-1: Ball 2-1: SOLO HOME RUN (Line Drive, 7D, EV 93.1 MPH), Distance : 369 ft
|
Batting: RHB Rob Colley
|
0-0: Called Strike 0-1: Ball 1-1: Called Strike 1-2: Ball 2-2: Ball 3-2: Foul Ball, location: 2F 3-2: Foul Ball, location: 2F 3-2: Base on Balls
|
Batting: RHB Junro Kato
|
0-0: Ball 1-0: Called Strike 1-1: Ball 2-1: 2-RUN HOME RUN (Flyball, 7D, EV 94.4 MPH), Distance : 368 ft
|
Batting: RHB Jason Conner
|
0-0: Ball 1-0: Called Strike 1-1: Ball 2-1: Ground out 5-3 (Groundball, 56, EV 90.6 MPH)
|
Batting: RHB Bobby Leon
|
0-0: Ball 1-0: Ball 2-0: Called Strike 2-1: Foul Ball, location: 2F 2-2: Strikes out swinging
|
Top of the 5th over - 3 runs, 2 hits, 0 errors, 0 left on base; Burlington 5 - Princeton 4 |
BOTTOM OF THE 5TH |
Princeton Rays batting - Pitching for Burlington Royals : RHP Jordan Viveros
|
Batting: LHB Oscar Curiel
|
0-0: Foul Ball, location: 2F 0-1: Ball 1-1: Called Strike 1-2: Strikes out swinging
|
Pinch Hitting: SHB Ray Luna
|
0-0: Ball 1-0: Ball 2-0: Ball 3-0: Called Strike 3-1: Base on Balls
|
Batting: RHB Jason Penfield
|
|
Pinch Hitting: SHB Joshua Jackson
|
0-0: Foul Ball, location: 2F 0-1: Swinging Strike 0-2: Ball Ray Luna is caught stealing 2nd base 2-6 1-2: Strikes out swinging
|
Bottom of the 5th over - 0 runs, 0 hits, 0 errors, 0 left on base; Burlington 5 - Princeton 4 |
TOP OF THE 6TH |
Burlington Royals batting - Pitching for Princeton Rays : RHP Jesus Valdivia
|
Now at 1B: Ray Luna
|
|
Now in RF: Sean Boenig
|
|
Batting: RHB Carlos Castillo
|
0-0: Ball 1-0: Foul Ball, location: 2F 1-1: Swinging Strike 1-2: Ball 2-2: Strikes out swinging
|
Batting: RHB Mike Bearden
|
0-0: Ball 1-0: Ball 2-0: Ball 3-0: Called Strike 3-1: Base on Balls
|
Batting: LHB Pablo Serrato
|
0-0: Ball 1-0: Swinging Strike 1-1: Swinging Strike 1-2: Strikes out swinging
|
Pitching: RHP Chris Harman
|
|
Batting: RHB Jonas Fernandez
|
0-0: Fielders Choice at 2nd, 6-4 (Groundball, 6, EV 86.2 MPH)
|
Top of the 6th over - 0 runs, 0 hits, 0 errors, 1 left on base; Burlington 5 - Princeton 4 |
BOTTOM OF THE 6TH |
Princeton Rays batting - Pitching for Burlington Royals : RHP Jordan Viveros
|
Batting: RHB Roberto Aispuro
|
0-0: Ball 1-0: Called Strike 1-1: DOUBLE (Line Drive, 78D, EV 99.4 MPH)
|
Batting: RHB Bobby Ross
|
0-0: Swinging Strike 0-1: Foul Ball, location: 2F 0-2: Ball 1-2: Ball 2-2: Foul Ball, location: 2F 2-2: 2-RUN HOME RUN (Flyball, 7D, EV 96.9 MPH), Distance : 359 ft
|
Batting: SHB Luis Verduzco
|
0-0: Ball 1-0: Ball 2-0: Called Strike 2-1: Called Strike 2-2: Ball 3-2: Foul Ball, location: 2F 3-2: Strikes out looking
|
Pitching: LHP Bin Ya
|
|
Batting: RHB Wan-ling Zhu
|
0-0: Ground out 5-3 (Groundball, 56S, EV 70.0 MPH)
|
Batting: RHB Alex Koral
|
0-0: Called Strike 0-1: Foul Ball, location: 2F 0-2: Ball 1-2: Foul Ball, location: 2F 1-2: Strikes out looking
|
Bottom of the 6th over - 2 runs, 2 hits, 0 errors, 0 left on base; Burlington 5 - Princeton 6 |
TOP OF THE 7TH |
Burlington Royals batting - Pitching for Princeton Rays : RHP Chris Harman
|
Batting: RHB Ian Hornsby
|
0-0: Ball 1-0: Ball 2-0: SINGLE (Groundball, 56D, EV 106.9 MPH)
|
Batting: RHB Rob Colley
|
0-0: Called Strike 0-1: Fly out, F8 (Line Drive, 8RM, EV 91.9 MPH)
|
Batting: RHB Junro Kato
|
0-0: Called Strike 0-1: Foul Ball, location: 2F 0-2: Strikes out swinging
|
Batting: RHB Jason Conner
|
0-0: Ball 1-0: Ball 2-0: Swinging Strike 2-1: Ball 3-1: Foul Ball, location: 2F 3-2: Foul Ball, location: 2F 3-2: Strikes out looking
|
Top of the 7th over - 0 runs, 1 hit, 0 errors, 1 left on base; Burlington 5 - Princeton 6 |
BOTTOM OF THE 7TH |
Princeton Rays batting - Pitching for Burlington Royals : LHP Bin Ya
|
Batting: RHB Jim Erdody
|
0-0: Called Strike 0-1: Ball 1-1: Ball 2-1: Ball 3-1: Base on Balls
|
Batting: LHB Oscar Curiel
|
0-0: Grounds out, U3 (Groundball, 3L, EV 85.6 MPH)
|
Batting: SHB Ray Luna
|
0-0: Ball 1-0: Ball 2-0: Foul Ball, location: 2F 2-1: Ball 3-1: 2-RUN HOME RUN (Line Drive, 89XD, EV 115.6 MPH), Distance : 432 ft
|
Batting: LHB Sean Boenig
|
0-0: Ball 1-0: Fly out, F4 (Line Drive, 4, EV 68.1 MPH)
|
Batting: RHB Roberto Aispuro
|
0-0: Foul Ball, location: 2F 0-1: Ball 1-1: SINGLE (Groundball, 4MD, EV 103.8 MPH)
|
Batting: RHB Bobby Ross
|
0-0: Ball 1-0: Called Strike 1-1: Ball Roberto Aispuro is caught stealing 2nd base 2-4
|
Bottom of the 7th over - 2 runs, 2 hits, 0 errors, 0 left on base; Burlington 5 - Princeton 8 |
TOP OF THE 8TH |
Burlington Royals batting - Pitching for Princeton Rays : RHP Chris Harman
|
Batting: RHB Bobby Leon
|
0-0: Called Strike 0-1: Ground out U3 (Groundball, 3, EV 100.0 MPH)
|
Batting: RHB Carlos Castillo
|
0-0: Called Strike 0-1: Called Strike 0-2: Ball 1-2: Foul Ball, location: 2F 1-2: Strikes out swinging
|
Batting: RHB Mike Bearden
|
0-0: Ball 1-0: Foul Ball, location: 2F 1-1: Fly out, F5 (Popup, 5F, EV 54.4 MPH)
|
Top of the 8th over - 0 runs, 0 hits, 0 errors, 0 left on base; Burlington 5 - Princeton 8 |
BOTTOM OF THE 8TH |
Princeton Rays batting - Pitching for Burlington Royals : LHP Bin Ya
|
Batting: RHB Bobby Ross
|
0-0: Called Strike 0-1: SINGLE (Groundball, 6M, EV 96.2 MPH)
|
Pitching: RHP Brett Essary
|
|
Batting: SHB Luis Verduzco
|
0-0: Ball 1-0: Ball 2-0: Sac Bunt to 15 - play at second, runner OUT! 1-6
|
Batting: RHB Wan-ling Zhu
|
0-0: Called Strike 0-1: Ball 1-1: Called Strike 1-2: SINGLE (Flyball, 8RS, EV 93.1 MPH) Luis Verduzco to second
|
Batting: RHB Alex Koral
|
0-0: Ball 1-0: Called Strike 1-1: Foul Ball, location: 2F 1-2: Foul Ball, location: 2F 1-2: Strikes out looking
|
Batting: RHB Jim Erdody
|
0-0: Fly out, F9 (Line Drive, 9, EV 98.1 MPH)
|
Bottom of the 8th over - 0 runs, 2 hits, 0 errors, 2 left on base; Burlington 5 - Princeton 8 |
TOP OF THE 9TH |
Burlington Royals batting - Pitching for Princeton Rays : RHP Chris Harman
|
Pitching: RHP Brandon Isabell
|
|
Batting: LHB Pablo Serrato
|
0-0: Foul Ball, location: 2F 0-1: Ball 1-1: Called Strike 1-2: Foul Ball, location: 2F 1-2: Foul Ball, location: 2F 1-2: Ground out 5-3 (Groundball, 5, EV 86.2 MPH)
|
Batting: RHB Jonas Fernandez
|
0-0: Called Strike 0-1: Ball 1-1: Ground out 6-3 (Groundball, 6, EV 107.5 MPH)
|
Batting: RHB Ian Hornsby
|
0-0: Ball 1-0: Ground out 4-3 (Groundball, 4MS, EV 76.9 MPH)
|
Top of the 9th over - 0 runs, 0 hits, 0 errors, 0 left on base; Burlington 5 - Princeton 8 |
|